 Dungeon Crawl Stone Soup version 0.31.0-32-g396128a36d (webtiles) character file.

Game seed: 8546406731749671318

9581 firemarshallily the Fighter (level 11, 0/93 HPs)
             Began as a Demonspawn Gladiator on Mar 30, 2024.
             Was a Priest of Makhleb.
             Constricted to death by Erica (4 damage)
             ... on level 11 of the Dungeon on Mar 31, 2024.
             The game lasted 00:20:12 (9418 turns).

firemarshallily the Fighter (Demonspawn Gladiator)  Turns: 9418, Time: 00:20:13

Health: 0/93       AC:  8    Str: 23    XL:     11   Next: 24%
Magic:  11/11      EV:  9    Int:  9    God:    Makhleb [***...]
Gold:   102        SH:  0    Dex: 14    Spells: 10/10 levels left

rFire   . . .        O - +3 battleaxe
rCold   . . .        (shield currently unavailable)
rNeg    . . .        r - +4 ring mail of the Blessed Realm {Str+4 Stlth+}
rPois   .            c - +0 helmet
rElec   .            v - +0 cloak
rCorr   .            (no gloves)
SInv    .            u - +0 pair of boots
Will    +....        k - amulet of regeneration
Stlth   ++           f - ring of willpower
HPRegen 1.15/turn    P - +4 ring of slaying
MPRegen 0.12/turn

%: no passive effects
@: lethally poisoned (0 -> -14), corroded, attractive, slowed, constricted, very
slow
A: sharp scales 2, demonic magic 2, demonic touch 1
a: Renounce Religion, Minor Destruction, Lesser Servant of Makhleb


You were on level 11 of the Dungeon.
You worshipped Makhleb.
Makhleb was most pleased with you.
You visited 2 branches of the dungeon, and saw 12 of its levels.

You collected 717 gold pieces.
You spent 615 gold pieces at shops.

Inventory:

Hand Weapons
 a - a +0 war axe
 O - a +3 battleaxe (weapon)
Missiles
 d - 6 throwing nets
 e - 5 javelins
 i - 51 poisoned darts (quivered)
 t - 2 boomerangs
 K - 3 curare-tipped darts
Armour
 c - a +0 helmet (worn)
 r - the +4 ring mail of the Blessed Realm (worn) {Str+4 Stlth+}
   (You found it on level 2 of the Dungeon)

   Str+4:     It affects your strength (+4).
   Stlth+:    It makes you more stealthy.
 u - a +0 pair of boots (worn)
 v - a +0 cloak (worn)
Jewellery
 f - a ring of willpower (left hand)
 j - a ring of ice
 k - an amulet of regeneration (around neck)
 s - a ring of resist corrosion
 x - a ring of positive energy
 B - a ring of positive energy
 P - a +4 ring of slaying (right hand)
Wands
 J - a wand of flame (13)
 L - a wand of charming (11)
 S - a wand of roots (1)
Scrolls
 g - a scroll of immolation
 l - 5 scrolls of teleportation
 o - 4 scrolls of fear {unknown}
 p - a scroll of enchant weapon {unknown}
 w - 2 scrolls of amnesia {unknown}
 y - a scroll of brand weapon {unknown}
 C - a scroll of vulnerability {unknown}
 D - 3 scrolls of revelation
 E - 3 scrolls of noise {unknown}
 F - 2 scrolls of enchant armour {unknown}
 I - 4 scrolls of identify {unknown}
 Q - a scroll of blinking {unknown}
 T - a scroll of fog
Potions
 b - 2 potions of invisibility
 m - 2 potions of brilliance
 n - 5 potions of might
 q - 6 potions of curing
 z - a potion of cancellation {unknown}
 G - 3 potions of mutation
 H - a potion of lignification {unknown}
 M - 2 potions of enlightenment
 R - a potion of ambrosia {unknown}
Miscellaneous
 N - a phial of floods


   Skills:
 * Level 11.4 Fighting
 * Level 10.7 Axes
 - Level 1.7 Throwing
 + Level 7.1 Armour
 - Level 2.6 Dodging


You had 10 spell levels left.
You didn't know any spells.
Your spell library contained the following spells:

 Spells                   Type           Power      Damage    Failure   Level
 Blink                    Tloc           0%         N/A       65%         2
 Ensorcelled Hibernation  Hex/Ice        0%         N/A       65%         2
 Lesser Beckoning         Tloc           0%         N/A       65%         2
 Momentum Strike          Conj/Tloc      0%         3d8       65%         2
 Fugue of the Fallen      Necr           0%         N/A       87%         3
 Anguish                  Hex/Necr       0%         N/A       99%         4
 Summon Forest            Summ/Tloc      0%         N/A       100%        5
 Summon Mana Viper        Hex/Summ       0%         N/A       100%        5
 Summon Cactus Giant      Summ           0%         N/A       100%        6


Dungeon Overview and Level Annotations

Branches:
Dungeon (11/15)            Temple (1/1) D:4            Lair (0/5) D:9
    Orc: D:9-12

Altars:
Ashenzari
Cheibriados
Dithmenos
Fedhas
Gozag
Hepliaklqana
Kikubaaqudgha
Makhleb
Nemelex Xobeh
Okawaru
Qazlal
Ru
Sif Muna
Trog
Uskayaw
Vehumet
Wu Jian
Xom
Yredelemnul

Shops:
D:3 (   D:7 *

Annotations:
D:8 3 runed translucent doors, Valrug's ghost, novice DsAl
D:11 Erica


Innate Abilities, Weirdness & Mutations

You are mostly covered in razor-sharp scales. (AC +2, Slay +2)
Spells you cast may paralyse nearby enemies.
Your touch may inflict minor irresistible damage on your foes.


Message History

The acid dragon barely misses you.
The acid dragon claws you but does no damage.
Unknown command.
You slash the acid dragon!
You kill the acid dragon!
Makhleb accepts your kill.
You feel better.
You slash the wraith! The wraith closely misses you.
Erica casts a spell at you. The bolt of poison hits you!
You are poisoned.
The wraith closely misses you.
You feel very sick. The wraith hits you! The wraith drains your vigour!
You feel as though you will be slow longer.
You feel better. The wraith hits you!
It was a potion of attraction.
You feel attractive to monsters. The wraith closely misses you.
Erica writhes her tentacles angrily.
The wraith hits you. The wraith drains your vigour!
You feel as though you will be slow longer.
Erica hits you with a +4 scimitar of flaming!!
* * * LOW HITPOINT WARNING * * *
Erica burns you.
* * * LOW HITPOINT WARNING * * *
Erica grabs you. Erica constricts you.
You feel much better. The wraith hits you but does no damage.
Erica hits you with a +4 scimitar of flaming!
Erica burns you. Erica constricts you.
* * * LOW HITPOINT WARNING * * *
Okay, then.
Erica's grasp on you weakens, but your attempt to escape fails.
The wraith hits you but does no damage.
Erica stares at you and mumbles some strange words.
The bolt of poison hits you!!
You are poisoned.
* * * LOW HITPOINT WARNING * * *
Erica constricts you.
You die...
Erica begins burbling mirthfully and uncontrollably.

#$$$ ........ #$_$
.......#
#$$$##......#
#...##......##
#.............
#..?...?......
#............. #
#...?x........ #.
#....@W....... #..
#...###.....##
#...##...#########
#..........#
#.....<....#
#..........#
#..........#
############


You could see Erica and a wraith.

Vanquished Creatures
  2 two-headed ogres
  A gargoyle (D:10)
  4 kobold demonologists (D:10)
  A troll (D:10)
  Prince Ribbit (D:5)
  Sigmund (D:2)
  8 yaks (D:9)
  5 steam dragons
  Menkaure (D:5)
  2 acid dragons
  A water moccasin (D:7)
  2 sky beasts (D:7)
  3 ice beasts
  2 orc warriors (D:7)
  4 black bears
  2 ogres
  4 centaurs
  A phantom (D:5)
  4 bullfrogs
  7 kobold brigands
  2 scorpions
  7 wights (D:9)
  10 killer bees
  6 howler monkeys
  3 electric eels (D:9)
  3 hounds
  3 orc priests
  2 bombardier beetles
  2 jellies
  Jessica (D:2)
  2 iguanas (D:5)
  Natasha (D:2)
  2 sleepcaps
  3 orc wizards
  Robin (D:3)
  5 adders
  4 gnolls (D:4)
  3 white imps
  A ribbon worm (D:3)
  18 orcs
  3 ball pythons
  8 bats
  An endoplasm (D:3)
  4 giant cockroaches
  16 goblins
  18 hobgoblins
  4 jackals (D:3)
  30 kobolds
  4 quokkas
  2 frilled lizards
  9 rats
234 creatures vanquished.

Notes
Turn   | Place    | Note
-------+----------+-------------------------------------------
     0 | D:1      | firemarshallily the Demonspawn Gladiator began the quest
                  | for the Orb.
     0 | D:1      | Reached XP level 1. HP: 16/16 MP: 1/1
    71 | D:1      | Found a faded altar of an unknown god.
   160 | D:1      | Gained mutation: Spells you cast may paralyse adjacent
                  | enemies. [demonic ancestry]
   160 | D:1      | Reached XP level 2. HP: 4/22 MP: 2/2
   985 | D:2      | Gained mutation: Your touch may inflict minor irresistible
                  | damage on your foes. [demonic ancestry]
   985 | D:2      | Reached XP level 3. HP: 28/28 MP: 3/3
  1047 | D:2      | Identified the +4 ring mail of the Blessed Realm {Str+4
                  | Stlth+}
  1092 | D:2      | Reached skill level 1 in Armour
  1199 | D:2      | Noticed Natasha
  1208 | D:2      | Killed Natasha
  1209 | D:2      | Reached skill level 3 in Fighting
  1224 | D:2      | Noticed Sigmund
  1234 | D:2      | Killed Sigmund
  1235 | D:2      | Reached skill level 4 in Fighting
  1235 | D:2      | Reached XP level 4. HP: 34/37 MP: 4/4
  1235 | D:2      | Gained mutation: Spells you cast may paralyse nearby
                  | enemies. [demonic ancestry]
  1235 | D:2      | Reached XP level 5. HP: 39/42 MP: 5/5
  1278 | D:2      | Noticed Jessica
  1285 | D:2      | Killed Jessica
  1690 | D:3      | Reached XP level 6. HP: 48/48 MP: 6/6
  1837 | D:3      | Found a radiant altar of Vehumet.
  1837 | D:3      | Noticed Robin
  1848 | D:3      | Killed Robin
  2002 | D:3      | Found Ysalet's Weapon Shoppe.
  2019 | D:3      | Identified the +3 leather armour of the Pits of Slime
                  | {Int+2}
  2427 | D:4      | Found a staircase to the Ecumenical Temple.
  2431 | D:4      | Noticed an ice beast
  2442 | D:4      | Killed an ice beast
  2504 | D:4      | Reached skill level 5 in Fighting
  2504 | D:4      | Reached skill level 5 in Axes
  2504 | D:4      | Gained mutation: You are partially covered in razor-sharp
                  | scales. (AC +1, Slay +1) [demonic ancestry]
  2504 | D:4      | Reached XP level 7. HP: 51/56 MP: 7/7
  2521 | Temple   | Entered the Ecumenical Temple
  2525 | Temple   | Became a worshipper of Makhleb the Destroyer
  2671 | D:4      | You fall into a shaft and drop 3 floors!
  3073 | D:5      | Entered Level 5 of the Dungeon
  3086 | D:5      | Found a shimmering blue altar of Sif Muna.
  3103 | D:5      | Reached skill level 6 in Fighting
  3273 | D:5      | Noticed Menkaure
  3278 | D:5      | Killed Menkaure
  3279 | D:5      | Reached XP level 8. HP: 64/64 MP: 8/8
  3372 | D:5      | Noticed Prince Ribbit
  3382 | D:5      | Killed Prince Ribbit
  3570 | D:4      | Reached skill level 7 in Fighting
  3674 | D:4      | Reached * piety under Makhleb
  4049 | D:6      | Identified the +7 short sword of Infinite Pain {antimagic,
                  | rElec rF- Dex+4}
  4509 | D:7      | Reached XP level 9. HP: 21/73 MP: 9/9
  4523 | D:7      | Reached skill level 8 in Fighting
  4819 | D:7      | Found a bloodstained altar of Trog.
  4971 | D:7      | Reached skill level 5 in Armour
  5032 | D:7      | Reached ** piety under Makhleb
  5033 | D:7      | Reached skill level 9 in Fighting
  5097 | D:7      | Found Vietybru's General Store.
  5390 | D:7      | Found a sacrificial altar of Ru.
  5625 | D:8      | Gained mutation: You are mostly covered in razor-sharp
                  | scales. (AC +2, Slay +2) [demonic ancestry]
  5625 | D:8      | Reached XP level 10. HP: 43/83 MP: 10/10
  5838 | D:8      | Found a hide-covered altar of Uskayaw.
  5840 | D:8      | Noticed a +0 hand axe
  5840 | D:8      | Noticed a +0 dagger
  5996 | D:8      | Found a runed translucent gate.
  5997 | D:8      | Found a runed translucent gate.
  5998 | D:8      | Found a runed translucent gate.
  5998 | D:8      | Noticed Valrug's ghost (novice DsAl)
  6096 | D:8      | Noticed a two-headed ogre
  6103 | D:8      | Killed a two-headed ogre
  6740 | D:7      | Bought 2 potions of mutation for 240 gold pieces
  6740 | D:7      | Bought a potion of enlightenment for 75 gold pieces
  6740 | D:7      | Bought a potion of invisibility for 120 gold pieces
  6740 | D:7      | Bought 2 potions of curing for 90 gold pieces
  6914 | D:9      | Reached skill level 10 in Fighting
  7083 | D:9      | Found a staircase to the Lair.
  7083 | D:9      | Noticed a two-headed ogre
  7094 | D:9      | Killed a two-headed ogre
  7381 | D:9      | Reached skill level 10 in Axes
  7663 | D:9      | Reached *** piety under Makhleb
  7977 | D:9      | Reached skill level 11 in Fighting
  7978 | D:9      | Found a broken altar of Ashenzari.
  8002 | D:9      | Found Zin's Purification Station.
  8008 | D:9      | Bought a potion of curing for 90 gold pieces
  8035 | D:9      | Identified the +3 dagger of Doom {pain, *Slow rF+ Str+7}
  8455 | D:10     | Entered Level 10 of the Dungeon
  8592 | D:10     | Reached XP level 11. HP: 71/93 MP: 11/11
  8950 | D:10     | Noticed a sixfirhy
  9405 | D:11     | Found an opulent altar of Gozag.
  9411 | D:11     | Noticed Erica
  9418 | D:11     | HP: 4/93 [Erica/bolt of poison (22)]
  9418 | D:11     | Constricted to death by Erica

Illustrated notes

Levels and vault maps discovered:
D:1:      lightli_arrival_flooded_house, layout_basic,
          shapermc_ecumenical_altar_ellora
D:2:      layout_basic, uniq_sigmund, uniq_natasha, uniq_jessica
D:3:      layout_loops_ring, amcnicky_altar_gilded, serial_shops, shop,
          minivault_11, kennysheep_doodads, hellmonk_no_cap, uniq_robin
D:4:      layout_basic, temple_pool_b
D:5:      layout_gridville, mainiacjoe_overflow_catwalk, uniq_prince_ribbit1,
          uniq_menkaure
D:6:      layout_rooms, hangedman_decor_slide_cut, chequers_serial_rivers_marsh
D:7:      layout_loops_ring, nicolae_ru_the_path_less_chosen,
          trog_hazing_becter, nicolae_take_the_stairs, minmay_joined_circles
D:8:      layout_basic, dancing_weapons_uskayaw, gammafunk_ghost_nasty_kobolds,
          kennysheep_potato
D:9:      layout_loops_corners, mainiacjoe_overflow_tiny_flanked, zin_purify,
          lair_entry_dummy, serial_bayou, serial_bayou_shore_a,
          serial_bayou_ford_a, serial_bayou_pond_c, serial_bayou_crossing,
          serial_bayou_shore_b, serial_bayou_pond_e,
          nicolae_figureground_sparkle
D:10:     layout_basic
D:11:     minmay_tile_spiral, layout_gridville, nicolae_trove_entry_free_sample,
          nicolae_gozag_seed_capital, uniq_erica, uniq_grum
Temple:   hellmonk_temple_two_chambers

Skill      XL: |  1  2  3  4  5  6  7  8  9 10 11 |
---------------+----------------------------------+-----
Axes           | 3 4 5 6 7 8 10 | 10.7
Armour         | 2 3 4 5 6 7 |  7.1
Fighting       | 4 5 6 7 9 11 | 11.4
Throwing       | |  1.7
Dodging        | |  2.6

Action                     |  1- 3 |  4- 6 |  7- 9 | 10-12 || total
---------------------------+-------+-------+-------+-------++-------
  Melee: War axe           |    82 |    83 |   197 |    79 ||   441
         Touch             |     5 |    15 |    35 |    11 ||    66
         Punch             |       |       |     1 |     2 ||     3
         Battleaxe         |       |       |       |   134 ||   134
  Throw: Boomerang         |       |       |    46 |     3 ||    49
         Javelin           |       |       |     1 |       ||     1
         Dart              |       |       |       |    12 ||    12
    Use: Scroll            |       |       |     5 |       ||     5
         Potion            |       |       |     7 |     5 ||    12
   Stab: Sleeping          |       |     6 |     1 |       ||     7
 Armour: Leather armour    |    51 |       |       |       ||    51
         Ring mail         |    17 |    43 |   232 |   205 ||   497
  Dodge: Dodged            |    60 |    53 |   184 |   148 ||   445
